 Dungeon Crawl Stone Soup version 0.30-a0-1074-g5db6f66fbb (webtiles) character file.

Game seed: 483064938235175547

7135 pokedragonboy the Cleaver (level 11, -5/108 HPs)
             Began as a Gargoyle Chaos Knight on Apr 13, 2023.
             Was a Plaything of Xom.
             Slain by a yak (7 damage)
             ... summoned by Xom
             ... on level 7 of the Dungeon.
             The game lasted 00:20:21 (5543 turns).

pokedragonboy the Cleaver (Gargoyle Chaos Knight)   Turns: 5543, Time: 00:20:22

Health: -5/108     AC: 25    Str: 24      XL:     11   Next: 10%
Magic:  11/11      EV:  2    Int:  9 (11) God:    Xom [......]
Gold:   249        SH:  0    Dex:  8 (9)  Spells: 10/10 levels left

rFire   . . .      SeeInvis .    b - +3 war axe
rCold   . . .      Faith    .    (no shield)
rNeg    + . .      Spirit   .    e - melded +1 plate armour "Roirphi Kera" {rN++ Int+2}
rPois   ∞          Reflect  .    (helmet currently unavailable)
rElec   .          Rampage  .    (cloak currently unavailable)
rCorr   .          NoTele   +    r - melded +0 pair of gloves
Will    .....                    (boots currently unavailable)
Stlth   +                        x - amulet of regeneration
HPRegen 1.18/turn                f - +6 ring of strength
MPRegen 0.12/turn                (no ring)

@: tree-form, hasted, studying 2 skills, unable to read, very quick
A: stationary, stasis, torment immunity, boosted hp, sickness immunity, AC +8,
negative energy resistance 1, (electricity resistance), torment resistance 1,
petrification resistance, (hooves 1), dopey 1, weak 1, (cold vulnerability 1),
inability to read after injury 1, noise suppression
a: Renounce Religion


You were on level 7 of the Dungeon.
You worshipped Xom.
You were a very special plaything of Xom.
You were a tree.
You visited 1 branch of the dungeon, and saw 7 of its levels.
You also visited: Sewer.

You collected 249 gold pieces.

Inventory:

Hand Weapons
 a - a +1 hand axe of chaos
 b - a +3 war axe (weapon)
 p - a +2 dagger of freezing
 w - a +2 hand axe of distortion
Missiles
 y - 5 atropa-tipped darts
Armour
 e - the +1 plate armour "Roirphi Kera" (melded) {rN++ Int+2}
   (You found it on level 6 of the Dungeon)

   Int:       It affects your intelligence (+2).
   rN:        It greatly protects you from negative energy.
 r - a +0 pair of gloves (melded)
 s - a +1 plate armour
Jewellery
 f - a +6 ring of strength (left branch)
 x - an amulet of regeneration (around neck)
Wands
 o - a wand of polymorph (6)
Scrolls
 h - 2 scrolls of teleportation
 j - 2 scrolls of vulnerability
 l - a scroll of identify
 n - 2 scrolls of magic mapping
 u - a scroll of enchant armour
 v - a scroll of fog {unknown}
 C - a scroll of poison
Potions
 d - 2 potions of curing
 g - 2 potions of brilliance
 k - 2 potions of flight
 t - 4 potions of resistance
 z - a potion of degeneration
 A - a potion of mutation {unknown}
Miscellaneous
 c - a piece from Xom's chessboard (1/15) (quivered)


   Skills:
 + Level 10.0 Fighting
 * Level 11.4 Axes
 + Level 9.5 Armour
 - Level 0.7 Dodging
 - Level 7.0 Evocations


You had 10 spell levels left.
You didn't know any spells.
Your spell library contained the following spells:

 Spells                   Type           Power      Damage    Failure   Level
 Sandblast                Erth           0%         2d4       38%         1
 Lesser Beckoning         Tloc           0%         N/A       52%         2
 Passwall                 Tmut/Erth      0%         N/A       52%         2
 Gell's Gravitas          Tloc           0%         N/A       77%         3
 Stone Arrow              Conj/Erth      0%         3d7       77%         3
 Teleport Other           Tloc           0%         N/A       77%         3
 Vhi's Electric Charge    Tloc/Air       0%         N/A       77%         3
 Arcjolt                  Conj/Air       0%         1d10      100%        5
 Fireball                 Conj/Fire      0%         3d3       100%        5
 Iskenderun's Battlesphe  Conj           0%         2d6       100%        5
 Conjure Ball Lightning   Conj/Air       0%         3x3d6     100%        6
 Orb of Destruction       Conj           0%         9d5       100%        7
 Maxwell's Capacitive Co  Air            0%         ∞         100%        8


Dungeon Overview and Level Annotations

Branches:
Dungeon (7/15)             Temple (0/1) D:4           Sewer (visited)

Altars:
Sif Muna

Shops:
D:2 [   D:6 *

Annotations:
D:6 1 runed translucent door, SirDiesAlot's ghost, novice DEFE


Innate Abilities, Weirdness & Mutations

You are a tree.
Your roots penetrate the ground, keeping you stationary.
You cannot be teleported.
You are immune to unholy pain and torment.
Your maximum health is greatly increased.
Your equipment is partially melded.
You are immune to sickness and miasma.
((Your stone body is resilient. (AC +8)))
You are immune to poison.
You resist negative energy. (rN+)
((You are resistant to electric shocks. (rElec)))
You are resistant to unholy torment.
You are immune to petrification.
((You have large cloven feet.))
You are dopey. (Int -2)
You are weak. (Str -2)
((You are vulnerable to cold. (rC-)))
You occasionally lose the ability to read scrolls when taking damage.
You passively dampen the noise of your surroundings.


Message History

The orc warrior hits you with a +0 battleaxe.
The iguana bites you.
Unknown command.
You hit the iguana but do no damage.
The iguana is almost dead.
You miss something. You closely miss the orc warrior.
The orc warrior hits you with a +0 battleaxe!
* * * LOW HITPOINT WARNING * * *
The iguana bites you.
* * * LOW HITPOINT WARNING * * *
The shadow strikes at you from the darkness!
* * * LOW HITPOINT WARNING * * *
Reactivating autopickup.
You slash the iguana!
You kill the iguana!
The iguana's corpse disappears in a puff of smoke!
You barely miss the shadow. You closely miss the orc warrior.
Unknown command.
You feel better.
The orc warrior hits you but does no damage.
The shadow hits you.
You feel better.
You cannot read scrolls in your current state!
You barely miss the yak. You closely miss the shadow.
You slash the orc warrior!
You kill the orc warrior!
The orc warrior's corpse disappears in a puff of smoke!
The shadow slips into darkness.
The shadow flickers and vanishes!
Deactivating autopickup; reactivate with Ctrl-A.
The yak gores you but does no damage.
Unknown command.
You hit the yak but do no damage. You slash the yak! You slash something!
The shadow strikes at you from the darkness!
* * * LOW HITPOINT WARNING * * *
Reactivating autopickup.
The yak gores you.
* * * LOW HITPOINT WARNING * * *
The yak gores you!
You die... oo

##..###........#....
###....####......#....
####..#..#..####....#....
###..#..#o.##.#
###..#.... #..#o.#..#.#
#.# ###..... ####..#oo#.#
## #.###...# ##..#YY##
#....... ####YY##
####..## ##Y♣# ###....##
O ###W....# #........ ∆ ∆
#.####.......... C ##
.....#####. ∆ ..... #..


W y c .... ... T #.#. #.## T Y #. #. .. You could see 5 yaks, a shadow and 2
orcs.

Vanquished Creatures
  A cyclops (D:7)
  A gargoyle (D:7)
  A troll (D:7)
  4 yaks (D:5)
  A sky beast (D:7)
  3 ice beasts (D:6)
  A black bear (D:6)
  A phantom (D:7)
  3 centaurs
  A bullfrog (D:7)
  4 scorpions
  4 wights (D:6)
  4 killer bees (D:7)
  A gnoll bouda (D:6)
  3 hounds
  Jessica (D:3)
  5 iguanas
  A sleepcap (D:6)
  Natasha (thrice) (D:2)
  2 orc wizards (D:6)
  Robin (D:4)
  4 gnolls (D:6)
  13 adders
  3 shadow imps
  2 white imps
  3 ufetubi
  3 worms
  4 dart slugs
  20 orcs
  9 ball pythons
  5 bats
  3 endoplasms
  2 giant cockroaches
  14 goblins
  8 hobgoblins
  4 quokkas
  9 frilled lizards
  3 kobolds
  13 rats
168 creatures vanquished.

Vanquished Creatures (others)
  A gnoll zombie (D:6)
  2 plants (D:5)
3 creatures vanquished.

Grand Total: 171 creatures vanquished

Notes
Turn   | Place    | Note
-------+----------+-------------------------------------------
     0 | D:1      | pokedragonboy the Gargoyle Chaos Knight began the quest for
                  | the Orb.
     0 | D:1      | Reached XP level 1. HP: 14/14 MP: 1/1
    28 | D:1      | XOM: silly message
   120 | D:1      | Reached XP level 2. HP: 19/19 MP: 2/2
   292 | D:1      | XOM: silly message
   293 | D:1      | XOM: divination: detect creatures
   387 | D:1      | XOM: butterfly on damage
   390 | D:1      | Reached skill level 3 in Axes
   570 | D:1      | XOM: god gift: scroll labelled FEGARE ROSK {god gift}
   821 | D:2      | XOM: stealth player
   910 | D:2      | XOM: summons friendly crimson imp
   913 | D:2      | Reached XP level 3. HP: 23/23 MP: 3/3
   924 | D:2      | Found Poxt's Armour Boutique.
   947 | D:2      | Reached skill level 1 in Evocations
   993 | D:2      | Noticed a scorpion
   994 | D:2      | XOM: smoke on damage
   998 | D:2      | Killed a scorpion
   999 | D:2      | Reached XP level 4. HP: 21/29 MP: 4/4
  1259 | D:2      | XOM: summons 3 hostile demons
  1350 | D:2      | Noticed Natasha
  1359 | D:2      | Killed Natasha
  1360 | D:2      | Reached XP level 5. HP: 33/33 MP: 5/5
  1450 | D:2      | XOM: give mutations
  1450 | D:2      | Gained mutation: You occasionally lose the ability to read
                  | scrolls when taking damage. [Xom's mischief]
  1450 | D:2      | Gained mutation: You passively dampen the noise of your
                  | surroundings. [Xom's mischief]
  1509 | D:2      | Noticed Natasha
  1523 | D:2      | Killed Natasha
  1524 | D:2      | Reached skill level 4 in Axes
  1533 | D:2      | Noticed Natasha
  1542 | D:2      | Killed Natasha
  1625 | D:3      | Noticed Jessica
  1631 | D:3      | Killed Jessica
  1840 | D:3      | Reached XP level 6. HP: 39/39 MP: 6/6
  1860 | D:3      | Found a shimmering blue altar of Sif Muna.
  2200 | D:3      | XOM: give mutation
  2200 | D:3      | Gained mutation: You are weak. (Str -2) [Xom's mischief]
  2263 | D:3      | XOM: summons 2 hostile shadow creatures
  2526 | D:4      | Found a staircase to the Ecumenical Temple.
  2590 | D:4      | Noticed Robin
  2609 | D:4      | Killed Robin
  2875 | D:4      | Found a glowing drain.
  2887 | Sewer    | Entered a sewer
  2979 | Sewer    | XOM: torment (31/39 hp)
  3226 | Sewer    | XOM: give mutation
  3226 | Sewer    | Gained mutation: You have large cloven feet. [Xom's
                  | mischief]
  3450 | D:5      | Entered Level 5 of the Dungeon
  3450 | D:5      | XOM: god gift: 5 atropa-tipped darts
  3474 | D:5      | Noticed a yak
  3475 | D:5      | Noticed a yak
  3475 | D:5      | Noticed a yak
  3476 | D:5      | Noticed a yak
  3493 | D:5      | XOM: divination: magic mapping
  3764 | D:5      | Reached XP level 7. HP: 44/44 MP: 7/7
  3814 | D:5      | Reached skill level 5 in Axes
  3857 | D:5      | Reached skill level 9 in Axes
  3857 | D:5      | Reached skill level 5 in Evocations
  3857 | D:5      | Reached XP level 8. HP: 54/54 MP: 8/8
  3978 | D:5      | XOM: 6-stop teleportation journey
  4058 | D:5      | XOM: summons 5 hostile demons
  4324 | D:5      | Killed a yak
  4329 | D:5      | Killed a yak
  4331 | D:5      | XOM: noise
  4333 | D:5      | Killed a yak
  4335 | D:5      | Killed a yak
  4336 | D:5      | Reached XP level 9. HP: 59/59 MP: 9/9
  4597 | D:6      | Found Deyfroc's General Store.
  4612 | D:6      | XOM: summons 5 hostile demons
  4613 | D:6      | Noticed a hellwing
  4613 | D:6      | Noticed an orange demon
  4613 | D:6      | XOM: summons 2 hostile shadow creatures
  4633 | D:6      | XOM: give mutations
  4633 | D:6      | Gained mutation: You are somewhat resistant to further
                  | mutation. [Xom's mischief]
  4633 | D:6      | Lost mutation: You are somewhat resistant to further
                  | mutation. [Xom's mischief]
  4633 | D:6      | Gained mutation: You are vulnerable to cold. (rC-) [Xom's
                  | mischief]
  4633 | D:6      | Gained mutation: You are dopey. (Int -2) [Xom's mischief]
  4691 | D:6      | XOM: confuse monster(s)
  4701 | D:6      | Noticed SirDiesAlot's ghost (novice DEFE)
  4719 | D:6      | Identified the +1 plate armour "Roirphi Kera" {rN++ Int+2}
  4749 | D:6      | XOM: scenery: 1 doors open
  4789 | D:6      | Found a runed translucent door.
  4926 | D:6      | XOM: divination: detect creatures
  5275 | D:6      | XOM: divination: magic mapping
  5312 | D:7      | XOM: cleaving
  5318 | D:7      | Reached skill level 10 in Axes
  5330 | D:7      | Reached skill level 11 in Axes
  5330 | D:7      | Reached XP level 10. HP: 68/68 MP: 10/10
  5475 | D:7      | Noticed a gargoyle
  5487 | D:7      | XOM: divine lightning
  5491 | D:7      | XOM: divination: detect items
  5494 | D:7      | XOM: divination: detect creatures
  5496 | D:7      | Noticed a cyclops
  5501 | D:7      | Identified the ring "Siubaiq" {rF+ MP+9}
  5504 | D:7      | HP: 1/102 [gargoyle/stone arrow (24)]
  5505 | D:7      | XOM: draining
  5507 | D:7      | Killed a gargoyle
  5508 | D:7      | XOM: confusion
  5520 | D:7      | XOM: chaos upgrade
  5521 | D:7      | Killed a cyclops
  5522 | D:7      | Reached XP level 11. HP: 43/72 MP: 11/11
  5526 | D:7      | Reached skill level 10 in Fighting
  5530 | D:7      | XOM: summons 3 hostile shadow creatures
  5543 | D:7      | HP: 2/108 [yak[Xom] (4)]
  5543 | D:7      | Slain by a yak

Illustrated notes

Levels and vault maps discovered:
D:1:      minmay_arrival_four_loops, layout_loops_ring
D:2:      layout_loops_ring, serial_shops, nicolae_square_shop, uniq_natasha
D:3:      layout_loops_ring, mainiacjoe_overflow_24_doors, uniq_jessica
D:4:      layout_cave_pools, minmay_temple_entry_sparse_star,
          cheibrodos_sewer_entry_bend, chequers_serial_rivers_micro_b,
          uniq_robin
D:5:      wad_lake_hut, layout_basic, chequers_serial_rivers_micro_d,
          minmay_manual_mares
D:6:      layout_gridville, hellmonk_ghost_happy_afterlife, serial_shops,
          nicolae_shop_waterfront, corexii_hall_statues_deadend
D:7:      minmay_the_grid_triangle_9x9_rhombus_thin
          [minmay_the_grid_triangle_9x9_odd_lines,
          minmay_the_grid_triangle_9x9_prize_special,
          minmay_the_grid_triangle_9x9_empty,
          minmay_the_grid_triangle_9x9_corruption], layout_rooms,
          lemuel_tele_altar, minmay_manual_moon

Skill      XL: |  1  2  3  4  5  6  7  8  9 10 11 |
---------------+----------------------------------+-----
Axes           | 3 4 9 11 | 11.4
Evocations     | 1 2 5 6 7 |  7.0
Armour         | 3 4 7 9 |  9.5
Fighting       | 4 8 9 10 | 10.0
Dodging        | |  0.7

Action                     |  1- 3 |  4- 6 |  7- 9 | 10-12 || total
---------------------------+-------+-------+-------+-------++-------
  Melee: Hand axe          |    77 |   219 |   157 |       ||   453
         Kick              |       |     9 |    52 |     6 ||    67
         Punch             |       |     2 |     3 |       ||     5
         War axe           |       |       |    44 |    75 ||   119
  Evoke: Piece from Xom's  |       |    19 |     8 |       ||    27
    Use: Scroll            |     2 |     4 |     8 |     2 ||    16
         Potion            |       |     2 |    13 |     9 ||    24
   Stab: Distracted        |     1 |       |     1 |       ||     2
         Paralysed         |       |    10 |     1 |       ||    11
         Petrified         |       |     4 |       |       ||     4
 Armour: Leather armour    |    29 |    29 |       |       ||    58
         Plate armour      |       |   148 |   264 |    24 ||   436
         Skin              |       |       |     1 |    33 ||    34
  Dodge: Dodged            |    44 |    90 |   105 |    28 ||   267

Table legend: (Time is in decaauts)
 A = Elapsed time spent in this place.
 B = Non-inter-level travel time spent in this place.
 C = Inter-level travel time spent in this place.
 D = Time resting spent in this place.
 E = Time spent auto-exploring this place.
 F = Levels seen in this place.
 G = Mean time per level.
                   A        B        C        D        E       F      G
               +--------+--------+--------+--------+--------+-----+--------+
         Total |   5648 |   5278 |    370 |    183 |   3710 |   8 |  706.0 |
       Dungeon |   5233 |   4863 |    370 |    183 |   3481 |   7 |  747.6 |
         Sewer |    414 |    414 |      0 |      0 |    228 |   1 |  414.0 |
               +--------+--------+--------+--------+--------+-----+--------+

Top non-repeatable levels by time:
     D:5: 1125 daAuts
     D:2: 878 daAuts
     D:1: 826 daAuts
     D:3: 813 daAuts
     D:6: 731 daAuts
     D:4: 631 daAuts
   Sewer: 414 daAuts
     D:7: 225 daAuts
